 Dungeon Crawl Stone Soup version 0.28.0 (webtiles) character file.

Game seed: 18135454040111548223

7 HallandMoats the Ruffian (level 1, 22/22 HPs)
             Began as a Troll Monk on Feb 6, 2022.
             Was the Champion of Ignis.
             Got out of the dungeon alive.
             The game lasted 00:00:34 (158 turns).

HallandMoats the Ruffian (Troll Monk)                Turns: 158, Time: 00:00:35

Health: 22/22      AC:  4    Str: 18    XL:     1   Next: 91%
Magic:  0/0        EV: 10    Int:  6    God:    Ignis [******]
Gold:   2          SH:  0    Dex: 12    Spells: 0/0 levels left

rFire   + . .      SeeInvis .     - Unarmed
rCold   . . .      Faith    .   (no shield)
rNeg    . . .      Spirit   .   a - +0 robe
rPois   .          Reflect  .   (helmet restricted)
rElec   .          Harm     .   (no cloak)
rCorr   .          Rampage  .   (gloves unavailable)
Will    .....                   (boots unavailable)
Stlth   ++........              (no amulet)
HPRegen 0.87/turn               (no ring)
MPRegen 0.07/turn               (no ring)

@: no status effects
A: large, unfitting armour, claws 3, regeneration 1, shaggy fur 1, tough skin 1
a: Renounce Religion, Fiery Armour, Foxfire Swarm, Rising Flame


You escaped.
You worshipped Ignis.
Ignis was exalted by your worship.
You visited 1 branch of the dungeon, and saw 1 of its levels.

You collected 2 gold pieces.

Inventory:

Armour
 a - a +0 robe (worn)
Scrolls
 b - a scroll of enchant weapon {unknown}
 c - a scroll of enchant armour {unknown}


   Skills:
 * Level 2.5 Fighting
 * Level 0.5 Armour
 * Level 2.5 Dodging
 - Level 1.0 Stealth
 + Level 3.0 Unarmed Combat


You couldn't memorise any spells.
You didn't know any spells.
Your spell library contained the following spells:

 Spells                   Type           Power      Damage    Failure   Level
 Ozocubu's Armour         Ice            0%         N/A       83%         3
 Metabolic Englaciation   Hex/Ice        0%         N/A       100%        5
 Simulacrum               Ice/Necr       0%         N/A       100%        6


Dungeon Overview and Level Annotations

Branches:
Dungeon (1/15)

Altars:
Ignis


Innate Abilities, Weirdness & Mutations

You are too large for most types of armour.
You have claws for hands.
Your natural rate of healing is unusually fast.
You are covered in fur. (AC +1)
You have tough skin. (AC +1)


Message History

A jackal is nearby!
An endoplasm comes into view.
Found a smoky emerald potion, 12 gold pieces and 17 bolts.
The endoplasm closely misses you. The jackal barely misses you.
You scratch the endoplasm but do no damage.
The jackal bites you but does no damage.
The endoplasm freezes you.
You are frozen.
You scratch the endoplasm.
The endoplasm is severely wounded.
The jackal bites you but does no damage.
The endoplasm hits you.
The jackal bites you but does no damage.
You scratch the endoplasm.
You kill the endoplasm!
The jackal bites you.
You scratch the jackal.
The jackal is heavily wounded.
The jackal bites you.
You completely miss the jackal.
The jackal is heavily wounded.
The jackal barely misses you.
You scratch the jackal.
The jackal is severely wounded.
The jackal closely misses you. The jackal barely misses you.
You claw the jackal!
You kill the jackal!
No target in view!
No target in view!
There is a faded altar of an unknown god here.
You cannot tell which god this altar belongs to.
Convert to them anyway?
Ignis accepts your prayer! Ignis welcomes you!
You can now rocket upward and away.
(D) Dungeon
Where to? (? - help)
What level of the Dungeon? (default 1, ? - help)
There is a staircase leading out of the dungeon here.
Are you sure you want to leave the Dungeon?
This will make you lose the game!
You have escaped!

#####
#.@.#
##...##
#P...P#
##.P.##
#P.P.P#
##...##
#P...P#
##...##
#P...P#


There were no monsters in sight!

Vanquished Creatures
  A ball python (D:1)
  A bat (D:1)
  An endoplasm (D:1)
  A jackal (D:1)
  A kobold (D:1)
  A rat (D:1)
6 creatures vanquished.

Notes
Turn   | Place    | Note
-------+----------+-------------------------------------------
     0 | D:1      | HallandMoats the Troll Monk began the quest for the Orb.
     0 | D:1      | Reached XP level 1. HP: 22/22 MP: 0/0
    27 | D:1      | Found a faded altar of an unknown god.
   125 | D:1      | Prayed at the altar of an unknown god.
   125 | D:1      | Became a worshipper of Ignis, the Dying Flame
   125 | D:1      | Reached ****** piety under Ignis
   158 | D:$      | Got out of the dungeon alive.

Illustrated notes

Levels and vault maps discovered:
D:1:      minmay_arrival_plants_in_alcoves, layout_loops_cross,
          hellmonk_ecumenical_altar_crossroads, minmay_tetromino_l4

Action                   || total
-------------------------++-------
Melee: Unarmed           ||    18
Armor: Robe              ||    12
Dodge: Dodged            ||    12
